 Dungeon Crawl Stone Soup version 0.25-b1-46-gb8a1ec05df (webtiles) character file.

Game seed: 10991734664142216308

4596 gruber the Whirler (level 10, -6/60 HPs)
             Began as a Halfling Hunter on June 11, 2020.
             Was an Elder of Okawaru.
             Mangled by a vampire (9 damage)
             ... on level 10 of the Dungeon.
             The game lasted 00:10:39 (9189 turns).

gruber the Whirler (Halfling Hunter)                Turns: 9189, Time: 00:10:39

Health: -6/60      AC:  9    Str: 22    XL:     10   Next: 69%
Magic:  10/10      EV: 17    Int:  9    God:    Okawaru [****..]
Gold:   412        SH:  0    Dex: 16    Spells: 7/9 levels left

rFire    + . .     SeeInvis .   a - +1 hunting sling
rCold    . . .     Gourm    .   (shield restricted)
rNeg     . . .     Faith    .   c - +0 leather armour
rPois    .         Spirit   .   D - +0 helmet
rElec    .         Reflect  .   O - +1 cloak
rCorr    .         Harm     .   r - +0 pair of gloves
MR       .....                  t - +0 pair of boots
Stlth    ++........             C - amulet of regeneration
HPRegen  0.60/turn              q - ring of protection from fire
MPRegen  0.12/turn              N - +6 ring of strength

@: no status effects
A: small, mutation resistance 1
a: Heroism, Renounce Religion


You were on level 10 of the Dungeon.
You worshipped Okawaru.
Okawaru was greatly pleased with you.
You were hungry.

You visited 2 branches of the dungeon, and saw 11 of its levels.

You collected 470 gold pieces.
You spent 58 gold pieces at shops.

Inventory:

Hand Weapons
 a - a +1 hunting sling (weapon)
 b - a +0 short sword
 g - a +2 spear of flaming
Missiles
 d - 33 sling bullets (quivered)
 j - 163 stones
Armour
 c - a +0 leather armour (worn)
 r - a +0 pair of gloves (worn)
 t - a +0 pair of boots (worn)
 D - a +0 helmet (worn)
 O - a +1 cloak (worn)
Jewellery
 q - a ring of protection from fire (left hand)
 C - an amulet of regeneration (around neck)
 N - a +6 ring of strength (right hand)
 P - an uncursed ring of flight
 Q - an uncursed ring of wizardry {unknown}
Wands
 I - a wand of acid (6)
 L - a wand of flame (6)
Scrolls
 e - 4 scrolls of teleportation {unknown}
 h - 13 scrolls of identify {unknown}
 i - 4 scrolls of random uselessness {unknown}
 l - 3 scrolls of fear {unknown}
 m - 2 scrolls of enchant weapon {unknown}
 s - a scroll of fog {unknown}
 w - 6 scrolls of noise {unknown}
 x - 9 scrolls of remove curse {unknown}
 y - 3 scrolls of magic mapping {unknown}
 A - 2 scrolls of immolation {unknown}
 E - a scroll of torment {unknown}
 G - 3 scrolls of amnesia {unknown}
 J - a scroll of silence {unknown}
Potions
 k - a potion of mutation {unknown}
 n - a potion of brilliance {unknown}
 o - a potion of ambrosia {unknown}
 p - 3 potions of lignification
 u - a potion of degeneration {unknown}
 v - a potion of curing {unknown}
 z - 2 potions of heal wounds {unknown}
 B - 4 potions of stabbing {unknown}
 F - a potion of flight {unknown}
 H - a potion of might {unknown}
 K - a potion of invisibility {unknown}
 M - 2 potions of resistance {unknown}
Comestibles
 f - 17 rations


   Skills:
 - Level 1.7 Fighting
 - Level 18.0 Slings
 + Level 5.8 Armour
 + Level 4.8 Dodging
 - Level 1.1 Stealth
 - Level 0.1 Invocations


You had 7 spell levels left.
You knew the following spells:

 Your Spells              Type           Power        Failure   Level  Hunger
a - Blink                 Tloc           N/A          56%         2    ###....

Your spell library contained the following spells:

 Spells                   Type           Power        Failure   Level  Hunger
 Magic Dart               Conj           #...         43%         1    ##.....
 Summon Small Mammal      Summ           #...         43%         1    ##.....
 Call Imp                 Summ           #.......     56%         2    ###....
 Slow                     Hex            #.......     56%         2    ###....
 Call Canine Familiar     Summ           #.......     80%         3    ####...
 Conjure Flame            Conj/Fire      #.......     80%         3    ####...
 Mephitic Cloud           Conj/Pois/Air  #.......     80%         3    ####...
 Summon Guardian Golem    Hex/Summ       #.......     80%         3    ####...
 Summon Ice Beast         Ice/Summ       #.......     99%         4    #####..
 Summon Lightning Spire   Summ/Air       #.......     99%         4    #####..


Dungeon Overview and Level Annotations

Branches:
Dungeon (10/15)            Temple (1/1) D:5
   Lair: D:8-11         Orc: D:9-12

Altars:
Cheibriados
Dithmenos
Elyvilon
Fedhas
Gozag
Kikubaaqudgha
Nemelex Xobeh
Okawaru
Qazlal
Ru
Uskayaw
Wu Jian
Xom
Zin

Shops:
D:4 =   D:6 *   D:7 *


Innate Abilities, Weirdness & Mutations

You are small and have problems with some larger weapons.
You are somewhat resistant to further mutation.


Message History

You shoot a sling bullet. Something barely misses you. Something bites you.
* * * LOW HITPOINT WARNING * * *
Something draws strength from your injuries!
Firing (i - inventory. (/) - cycle)
d - 37 sling bullets (quivered)
Press: ? - help, Shift-Dir - straight line You shoot a sling bullet.
Firing (i - inventory. (/) - cycle)
d - 36 sling bullets (quivered)
Press: ? - help, Shift-Dir - straight line You shoot a sling bullet.
Something completely misses you. Something bites you.
* * * LOW HITPOINT WARNING * * *
Something draws strength from your injuries!
Firing (i - inventory. (/) - cycle)
d - 35 sling bullets (quivered)
Press: ? - help, Shift-Dir - straight line You shoot a sling bullet.
Firing (i - inventory. (/) - cycle)
d - 34 sling bullets (quivered)
Press: ? - help, Shift-Dir - straight line You shoot a sling bullet.
Something hits you.
* * * LOW HITPOINT WARNING * * *
Something bites you!
You die...

'.......# #.......#
..# #.V.....# ..#
#.......# ..#
#.(./...# $.
#.......# .#
#...(...# ##.# ####(#
#.!# #.@{(# #.#
######'##### ##<####
#..........# ......#
+..........# .Y....#
#..........# ......#
#..........#
........##..........#
......####..........#
......# #..........#


There were no monsters in sight!

Vanquished Creatures
  A centaur zombie (D:10)
  2 hungry ghosts
  Eustachio (D:6)
  A yak (D:9)
  2 water moccasins (D:6)
  2 ice beasts
  5 orc warriors
  5 sky beasts
  A black bear (D:6)
  An ogre (D:3)
  A crocodile (D:8)
  3 centaurs
  3 bullfrogs
  4 killer bees (D:7)
  A wight (D:7)
  3 howler monkeys
  4 crimson imps
  2 quasits
  3 hounds
  6 jellies
  2 centaur skeletons
  2 orc priests (D:8)
  A bullfrog skeleton (D:4)
  3 worker ants
  Natasha (thrice) (D:3)
  An iguana (D:9)
  10 orc wizards
  2 hound skeletons (D:6)
  9 gnolls
  9 adders
  2 shadow imps
  5 oozes (D:8)
  An adder zombie (D:6)
  2 dart slugs
  5 worms
  6 leopard geckos
  31 orcs
  A ball python (D:5)
  7 bats
  2 giant cockroaches (D:3)
  7 goblins
  3 hobgoblins
  9 jackals
  A quokka (D:2)
  4 frilled lizards
  5 kobolds
  A leopard gecko skeleton (D:4)
  2 quokka skeletons
  6 rats
193 creatures vanquished.

Vanquished Creatures (others)
  A fungus (D:10)
1 creature vanquished.

Grand Total: 194 creatures vanquished

Notes
Turn   | Place    | Note
-------+----------+-------------------------------------------
     0 | D:1      | gruber the Halfling Hunter began the quest for the Orb.
     0 | D:1      | Reached XP level 1. HP: 14/14 MP: 1/1
    34 | D:1      | Reached skill level 6 in Slings
    84 | D:1      | Reached XP level 2. HP: 19/19 MP: 2/2
   500 | D:1      | Reached skill level 7 in Slings
   500 | D:1      | Reached XP level 3. HP: 24/24 MP: 3/3
  1273 | D:2      | Reached XP level 4. HP: 29/29 MP: 4/4
  1356 | D:2      | Reached skill level 8 in Slings
  1627 | D:3      | Noticed Natasha
  1641 | D:3      | Killed Natasha
  1649 | D:3      | HP: 2/43 [poisoned by an adder]
  1658 | D:3      | HP: 2/43 [poisoned by an adder]
  1659 | D:3      | Reached XP level 5. HP: 2/34 MP: 5/5
  1866 | D:3      | Noticed Natasha
  1874 | D:3      | Killed Natasha
  1874 | D:3      | Reached skill level 9 in Slings
  2406 | D:3      | Found a blossoming altar of Fedhas.
  2434 | D:3      | Noticed Natasha
  2442 | D:3      | Killed Natasha
  2582 | D:3      | Noticed an ogre
  2592 | D:3      | Killed an ogre
  2592 | D:3      | Reached skill level 10 in Slings
  2592 | D:3      | Reached XP level 6. HP: 39/39 MP: 6/6
  3102 | D:4      | Reached skill level 11 in Slings
  3102 | D:4      | Reached XP level 7. HP: 39/44 MP: 7/7
  3862 | D:4      | Found Zaluq's Jewellery Emporium.
  3871 | D:4      | Bought a cursed ring of attention for 58 gold pieces
  3973 | D:4      | Found a glowing silver altar of Zin.
  4054 | D:5      | Entered Level 5 of the Dungeon
  4367 | D:5      | Found a staircase to the Ecumenical Temple.
  4491 | D:5      | Found an opulent altar of Gozag.
  4515 | Temple   | Entered the Ecumenical Temple
  4522 | Temple   | Became a worshipper of Warmaster Okawaru
  4760 | D:5      | Found an ancient bone altar of Kikubaaqudgha.
  4760 | D:5      | Found a snail-covered altar of Cheibriados.
  4761 | D:5      | Found a stormy altar of Qazlal.
  4765 | D:5      | Found a hide-covered altar of Uskayaw.
  4924 | D:6      | Reached skill level 12 in Slings
  4967 | D:6      | Reached XP level 8. HP: 49/49 MP: 8/8
  5165 | D:6      | Reached * piety under Okawaru
  5165 | D:6      | Reached skill level 13 in Slings
  5278 | D:6      | Reached skill level 14 in Slings
  5634 | D:6      | Noticed Eustachio
  5647 | D:6      | Killed Eustachio
  5711 | D:6      | Reached skill level 15 in Slings
  5711 | D:6      | Reached XP level 9. HP: 54/54 MP: 9/9
  5716 | D:6      | Found Yfrowiv's Serpentskin Sales.
  5987 | D:7      | Reached ** piety under Okawaru
  5995 | D:7      | Reached skill level 16 in Slings
  6480 | D:7      | Reached skill level 17 in Slings
  6951 | D:7      | Reached *** piety under Okawaru
  7160 | D:7      | Found Zuommoke's General Store.
  7271 | D:8      | Reached XP level 10. HP: 60/60 MP: 10/10
  7339 | D:8      | Reached skill level 18 in Slings
  7390 | D:8      | Reached skill level 1 in Armour
  7574 | D:8      | Learned a level 2 spell: Blink
  7688 | D:8      | You fall into a shaft and drop 2 floors!
  7688 | D:10     | Entered Level 10 of the Dungeon
  7852 | D:9      | Received a gift from Okawaru
  8610 | D:9      | Reached skill level 5 in Armour
  9172 | D:10     | Reached **** piety under Okawaru
  9172 | D:10     | Received a gift from Okawaru
  9189 | D:10     | HP: 3/60 [something (5)]
  9189 | D:10     | Mangled by a vampire

Illustrated notes

Levels and vault maps discovered:
D:1:      saegor_arrival_simple_d, layout_basic, minmay_tetromino_i4
D:2:      layout_basic
D:3:      layout_rooms, fedhas_altar_1, uniq_natasha
D:4:      layout_rooms, nicolae_overflow_hidden_temple, serial_shops, shop
D:5:      layout_loops_ring, minitemple, temple_fountains, first_ration
D:6:      layout_loops_cross, minmay_misc_feat_diagonals, guppyfry_shop_venom,
          uniq_eustachio
D:7:      minmay_angry_zag, layout_loops_ring, serial_shops, shop
D:8:      layout_rooms, hangedman_little_slice_of_home, sigmund_army
D:9:      layout_irregular_city
D:10:     layout_roguey, grunt_lair_entry_orc_guard_hut, uniq_maurice
Temple:   eino_temple_rhombus

Skill      XL: |  1  2  3  4  5  6  7  8  9 10 |
---------------+-------------------------------+-----
Slings         | 6 7 8 10 11 12 15 17 18 | 18.0
Armour         | 5 |  5.8
Dodging        | 4 |  4.8
Fighting       | |  1.7
Stealth        | |  1.1
Invocations    | |  0.1

Action                   |  1- 3 |  4- 6 |  7- 9 | 10-12 || total
-------------------------+-------+-------+-------+-------++-------
Melee: Spear             |       |    14 |       |       ||    14
       Hunting sling     |       |     1 |       |       ||     1
 Fire: Hunting sling     |    67 |   150 |   517 |   316 ||  1050
Invok: Heroism           |       |       |     1 |     1 ||     2
  Use: Potion            |       |     1 |       |       ||     1
  Eat: Chunk             |     1 |     5 |    12 |     5 ||    23
       Ration            |       |       |     1 |       ||     1
Armor: Leather armour    |     1 |     8 |    26 |    24 ||    59
Dodge: Dodged            |     8 |    32 |   139 |    46 ||   225
